 Dungeon Crawl Stone Soup version 0.30.1-4-g462c640d31 (webtiles) character file.

Game seed: 1077714959037183193

6695 booth the Cleaver (level 10, -1/77 HPs)
             Began as a Demonspawn Gladiator on Aug 19, 2023.
             Was an Initiate of Gozag.
             Slain by a vampire (5 damage)
             ... on level 10 of the Dungeon on Aug 20, 2023.
             The game lasted 01:02:50 (10326 turns).

booth the Cleaver (Demonspawn Gladiator)           Turns: 10326, Time: 01:02:50

Health: -1/77      AC: 13    Str: 20    XL:     10   Next: 74%
Magic:  0/18       EV: 13    Int: 10    God:    Gozag
Gold:   1351       SH:  0    Dex: 15    Spells: 19/19 levels left

rFire   + . .        a - +2 war axe
rCold   . . .        (no shield)
rNeg    . . .        z - quicksilver dragon scales
rPois   +            (helmet restricted)
rElec   .            A - +1 cloak
rCorr   .            (no gloves)
SInv    +            E - +1 pair of boots
Will    ++...        g - amulet of guardian spirit
Stlth   +            p - ring of poison resistance
HPRegen 0.32/turn    i - ring of willpower
MPRegen 0.16/turn

%: guardian spirit
@: no status effects
A: hooves 2, horns 1, powered by death 1, weakness stinger 2, see invisible,
fire resistance 1, sense surroundings 1, strong 1
a: Renounce Religion, Potion Petition, Call Merchant, Bribe Branch


You were on level 10 of the Dungeon.
You worshipped Gozag.
Gozag was most pleased with you.
You visited 2 branches of the dungeon, and saw 11 of its levels.
You also visited: Sewer.

You collected 1351 gold pieces.

Inventory:

Hand Weapons
 a - a +2 war axe (weapon)
 e - a +2 flail of protection
 h - a +0 hand axe of flaming
Missiles
 k - 4 curare-tipped darts
 r - 12 poisoned darts
 y - a throwing net
 B - 7 boomerangs
 H - 4 javelins (quivered)
Armour
 n - a +0 ring mail
 o - a +0 troll leather armour {Pargi}
 u - a +0 kite shield
 z - quicksilver dragon scales (worn)
 A - a +1 cloak (worn)
 E - a +1 pair of boots (worn)
Jewellery
 c - a ring of flight
 g - an amulet of guardian spirit (around neck)
 i - a ring of willpower (right hand)
 p - a ring of poison resistance (left hand)
 x - an amulet of magic regeneration
Wands
 d - a wand of iceblast (7)
 C - a wand of mindburst (9)
Scrolls
 b - a scroll of poison {unknown}
 l - a scroll of magic mapping
 q - a scroll of silence
 s - 2 scrolls of vulnerability
 t - a scroll of fog
 v - 2 scrolls of amnesia
 w - 5 scrolls of teleportation
 G - 2 scrolls of fear
Potions
 f - 2 potions of invisibility
 j - 2 potions of haste
 m - a potion of berserk rage {unknown}
 J - a potion of curing


   Skills:
 + Level 6.5 Fighting
 * Level 8.6(9.3) Axes
 + Level 5.5(7.8) Maces & Flails
 + Level 6.1 Throwing
 + Level 6.2 Dodging
 + Level 5.3 Spellcasting


You had 19 spell levels left.
You didn't know any spells.
Your spell library contained the following spells:

 Spells                   Type           Power      Damage    Failure   Level
 Freeze                   Ice            8%         1d3       36%         1
 Necrotise                Necr           8%         1d4       36%         1
 Slow                     Hex            8%         N/A       36%         1
 Cigotuvi's Dreadful Rot  Necr/Pois/Air  4%         N/A       50%         2
 Ensorcelled Hibernation  Hex/Ice        4%         N/A       50%         2
 Confusing Touch          Hex            2%         N/A       75%         3
 Frozen Ramparts          Ice            4%         1d1       75%         3
 Hailstorm                Conj/Ice       2%         3d3       75%         3
 Ignite Poison            Fire/Tmut/Pois 2%         N/A       75%         3
 Portal Projectile        Hex/Tloc       4%         N/A       75%         3
 Spider Form              Tmut/Pois      2%         N/A       75%         3
 Tukima's Dance           Hex            2%         N/A       75%         3
 Vampiric Draining        Necr           2%         2d6       75%         3
 Anguish                  Hex/Necr       1%         N/A       98%         4
 Agony                    Necr           2%         N/A       100%        5
 Blade Hands              Tmut           1%         N/A       100%        5
 Freezing Cloud           Conj/Ice/Air   1%         6-21      100%        5
 Ozocubu's Refrigeration  Ice            1%         4d7       100%        7
 Polar Vortex             Ice            1%         N/A       100%        9
 Simulacrum               Ice/Necr       Unusable   N/A       N/A         6

Dungeon Overview and Level Annotations

Branches:
Dungeon (10/15)            Temple (1/1) D:6            Lair (0/5) D:10
  Sewer (visited)
    Orc: D:9-12

Altars:
Ashenzari
Cheibriados
Dithmenos
Fedhas
Gozag
Hepliaklqana
Kikubaaqudgha
Makhleb
Nemelex Xobeh
Okawaru
Qazlal
Ru
Sif Muna
Uskayaw
Vehumet
Wu Jian
Xom
Yredelemnul

Shops:
D:3 [   D:4 [   D:5 *

Annotations:
D:4 2 transporters, LynnLen's ghost, amateur SpEn


Innate Abilities, Weirdness & Mutations

You have hoof-like feet.
You have a pair of small horns on your head.
You regenerate a little health from kills.
You have a tail ending in a sharp stinger.
You have supernaturally acute eyesight. (SInv)
Your flesh is heat resistant. (rF+)
You passively map a small area around you.
Your muscles are strong. (Str +4, Int/Dex -1)


Message History

The vampire hits you!
* * * LOW HITPOINT WARNING * * *
The vampire bites you.
* * * LOW HITPOINT WARNING * * *
The vampire draws strength from your injuries!
You hit the vampire. You burn the vampire.
The vampire is severely damaged.
The vampire draws life force from you.
* * * LOW HITPOINT WARNING * * *
The vampire is healed by the life force!
You barely miss the vampire. You headbutt the vampire.
The vampire is severely damaged.
The vampire barely misses you.
The vampire bites you but does no damage.
You hit the vampire but do no damage.
The vampire is severely damaged.
You hit the vampire. You burn the vampire.
You tail-slap the vampire, but do no damage.
The vampire is severely damaged.
The vampire draws life force from you!
* * * LOW HITPOINT WARNING * * *
The vampire is healed by the life force!
Your +0 hand axe of flaming stops flaming.
a - a +2 war axe (weapon)
The vampire hits you.
* * * LOW HITPOINT WARNING * * *
The vampire barely misses you.
You feel much better. The vampire draws life force from you!!
* * * LOW HITPOINT WARNING * * *
The vampire is healed by the life force!
You slash the vampire!
The vampire is severely damaged.
The vampire draws life force from you!
* * * LOW HITPOINT WARNING * * *
The vampire is healed by the life force!
You hit the vampire.
The vampire is moderately damaged.
The vampire misses you. The vampire bites you.
You die...
Your body crumbles into a pile of gold.

#......# *
#......# #......#
, * +...... *
..... * .>. * *
#'#* ##V# #.@#
#.## *
###.######## , *
*####..........#
#.............# ,
,+..##......<...#
* * ##*
#..........# *
##.######### *
#.#


You could see a vampire (invisible).

Vanquished Creatures
  Erica (D:9)
  Joseph (D:7)
  Maggie (D:7)
  Prince Ribbit (D:6)
  Sigmund (D:6)
  A wraith (D:9)
  6 yaks (D:8)
  2 vampire mosquitoes (D:8)
  Menkaure (D:5)
  An acid dragon (D:6)
  Duvessa (D:7)
  An ice beast (D:6)
  Pargi (Sewer)
  2 orc warriors
  A sky beast (D:7)
  A black bear (D:5)
  An ogre (D:6)
  3 centaurs
  A phantom (D:7)
  3 kobold brigands
  Blork the orc (D:5)
  A gnoll sergeant (D:9)
  3 bullfrogs
  3 scorpions
  11 wights
  Dowan (D:7)
  An electric eel (D:6)
  7 howler monkeys
  A jelly (D:5)
  5 orc priests
  A sleepcap (D:6)
  3 hounds
  Crazy Yiuf (D:2)
  Ijyb (D:4)
  5 iguanas
  9 orc wizards
  Robin (D:3)
  7 adders
  8 gnolls
  A shadow imp (D:7)
  A white imp (D:6)
  An ufetubus (D:4)
  2 worms (D:3)
  5 dart slugs
  36 orcs
  12 endoplasms
  6 giant cockroaches
  10 hobgoblins
  3 jackals (D:3)
  3 quokkas
  5 ball pythons
  6 bats
  8 frilled lizards
  20 goblins
  22 kobolds
  4 rats
246 creatures vanquished.

Vanquished Creatures (others)
  A human (D:3)
1 creature vanquished.

Grand Total: 247 creatures vanquished

Notes
Turn   | Place    | Note
-------+----------+-------------------------------------------
     0 | D:1      | booth the Demonspawn Gladiator began the quest for the Orb.
     0 | D:1      | Reached XP level 1. HP: 16/16 MP: 1/1
   219 | D:1      | Discovered your monstrous ancestry.
   219 | D:1      | Gained mutation: You have a small tail. [demonic ancestry]
   219 | D:1      | Reached XP level 2. HP: 14/22 MP: 2/2
   486 | D:1      | Reached skill level 3 in Axes
   855 | D:2      | Found a runed translucent door.
   856 | D:2      | Noticed Crazy Yiuf
   913 | D:2      | Reached XP level 3. HP: 26/27 MP: 3/3
  1094 | D:2      | Reached XP level 4. HP: 31/34 MP: 3/5
  1439 | D:2      | Killed Crazy Yiuf
  1440 | D:2      | Reached skill level 1 in Maces & Flails
  1440 | D:2      | Reached skill level 1 in Spellcasting
  1526 | D:3      | Found a faded altar of an unknown god.
  1557 | D:3      | Found Quank's Armour Boutique.
  1765 | D:3      | Reached XP level 5. HP: 36/39 MP: 6/6
  1989 | D:3      | Found a glowing drain.
  2000 | Sewer    | Entered a sewer
  2037 | Sewer    | Noticed Pargi
  2055 | Sewer    | Killed Pargi
  2227 | D:3      | Found an iron altar of Okawaru.
  2240 | D:3      | Reached skill level 4 in Axes
  2280 | D:3      | Found an ancient bone altar of Kikubaaqudgha.
  2303 | D:3      | Noticed a human
  2305 | D:3      | Killed a human
  2602 | D:3      | Gained mutation: You have a pair of small horns on your
                  | head. [demonic ancestry]
  2602 | D:3      | Reached XP level 6. HP: 43/46 MP: 8/8
  2605 | D:3      | Noticed Robin
  2612 | D:3      | Killed Robin
  2653 | D:3      | Gained mutation: You have supernaturally acute eyesight.
                  | (SInv) [potion of mutation]
  2653 | D:3      | Gained mutation: You passively map a small area around you.
                  | [potion of mutation]
  2653 | D:3      | Gained mutation: Your flesh is heat resistant. (rF+)
                  | [potion of mutation]
  2653 | D:3      | Gained mutation: Your muscles are strong. (Str +4, Int/Dex
                  | -1) [potion of mutation]
  2784 | D:4      | Found a transporter.
  2784 | D:4      | Noticed LynnLen's ghost (amateur SpEn)
  2808 | D:4      | Found a transporter.
  3266 | D:4      | Gained mutation: You have large cloven feet. [demonic
                  | ancestry]
  3266 | D:4      | Reached XP level 7. HP: 47/52 MP: 10/10
  3500 | D:4      | Noticed Ijyb
  3512 | D:4      | Killed Ijyb
  3648 | D:4      | Found Peedis's Antique Armour Shoppe.
  4122 | D:3      | Prayed at the altar of an unknown god.
  4122 | D:3      | Became a worshipper of Gozag Ym Sagoz the Greedy
  4195 | D:5      | Entered Level 5 of the Dungeon
  4195 | D:5      | Found Uhutsuon's Gadget Gallery.
  4201 | D:5      | Reached skill level 5 in Axes
  4233 | D:5      | Noticed Blork the orc
  4247 | D:5      | Killed Blork the orc
  4248 | D:5      | Gained mutation: You have hoof-like feet. [demonic
                  | ancestry]
  4248 | D:5      | Reached XP level 8. HP: 57/60 MP: 10/12
  4308 | D:5      | Found a stormy altar of Qazlal.
  4991 | D:5      | Noticed Menkaure
  5002 | D:5      | Killed Menkaure
  5310 | D:6      | Noticed Sigmund
  5452 | D:6      | Reached skill level 6 in Axes
  5509 | D:6      | HP: 3/61 [orc priest/divine providence (13)]
  5561 | D:6      | Killed Sigmund
  5562 | D:6      | Gained mutation: You have a tail ending in a sharp stinger.
                  | [demonic ancestry]
  5562 | D:6      | Reached XP level 9. HP: 39/67 MP: 14/14
  5722 | D:6      | Noticed Prince Ribbit
  5756 | D:6      | Killed Prince Ribbit
  5930 | D:6      | Reached skill level 5 in Fighting
  5930 | D:6      | Reached skill level 5 in Dodging
  5967 | D:6      | Found a staircase to the Ecumenical Temple.
  5974 | Temple   | Entered the Ecumenical Temple
  6532 | D:7      | Noticed Joseph
  6549 | D:7      | Killed Joseph
  6550 | D:7      | Reached skill level 7 in Axes
  6780 | D:7      | Reached skill level 5 in Throwing
  7092 | D:7      | Found a burning altar of Makhleb.
  7342 | D:7      | Noticed Maggie
  7357 | D:7      | Killed Maggie
  7623 | D:7      | Noticed Duvessa
  7623 | D:7      | Noticed Dowan
  7632 | D:7      | Killed Duvessa
  7635 | D:7      | Killed Dowan
  7994 | D:8      | Gained mutation: You regenerate a little health from kills.
                  | [demonic ancestry]
  7994 | D:8      | Reached XP level 10. HP: 57/76 MP: 12/16
  8157 | D:8      | Found an opulent altar of Gozag.
  8214 | D:8      | Reached skill level 5 in Maces & Flails
  8223 | D:8      | Reached skill level 8 in Axes
  8340 | D:8      | Reached skill level 5 in Spellcasting
  8539 | D:8      | Found a sacrificial altar of Ru.
  9132 | D:9      | Noticed a +0 dagger
  9132 | D:9      | Noticed a +0 dagger
  9133 | D:9      | Found a hide-covered altar of Uskayaw.
  9157 | D:9      | Noticed Erica
  9174 | D:9      | Killed Erica
  9537 | D:9      | Found a broken altar of Ashenzari.
  9541 | D:9      | Saw a vision of the Shoals and the Spider Nest.
  9541 | D:9      | Noticed a spark wasp
  9541 | D:9      | Noticed a wolf spider
  9541 | D:9      | Noticed a pharaoh ant
  9541 | D:9      | Noticed a torpor snail
  9541 | D:9      | Noticed a moth of wrath
  9541 | D:9      | Noticed an alligator snapping turtle
  9541 | D:9      | Noticed a merfolk siren
  9541 | D:9      | Noticed a merfolk siren
  9541 | D:9      | Noticed a skyshark
  9541 | D:9      | Noticed a jorogumo
  9541 | D:9      | Noticed a skyshark
  9542 | D:9      | Noticed a pharaoh ant
  9542 | D:9      | Noticed a ghost moth
  9542 | D:9      | Noticed a pharaoh ant
  9542 | D:9      | Noticed a manticore
  9542 | D:9      | Noticed a skyshark
  9596 | D:9      | Found a basalt altar of Yredelemnul.
  9596 | D:9      | Found a hazy altar of Hepliaklqana.
  9596 | D:9      | Found a blossoming altar of Fedhas.
  9596 | D:9      | Found a radiant altar of Vehumet.
  9602 | D:9      | Found a sparkling altar of Nemelex Xobeh.
  9773 | D:9      | You fall into a shaft and drop 1 floor!
  9773 | D:10     | Entered Level 10 of the Dungeon
 10206 | D:10     | Found a staircase to the Lair.
 10324 | D:10     | HP: 3/77 [vampire/vampiric draining (14)]
 10326 | D:10     | Slain by a vampire

Illustrated notes

Levels and vault maps discovered:
D:1:      scummos_arrival_simple_crosswalls, layout_loops_ring
D:2:      layout_basic, kennysheep_generic_room_2, uniq_crazy_yiuf_cottage
D:3:      kennysheep_goblin_castle, layout_rooms, tgw_kikubaaqudgha,
          okawaru_trees_1, serial_shops, shop, portal_sewer_entry_d,
          nicolae_ecumenical_oubliette
D:4:      layout_basic, gammafunk_ghost_arena, serial_shops,
          nicolae_shop_back_alley_shop, uniq_ijyb
D:5:      layout_basic, mainiacjoe_overflow_24_doors, nicolae_shop_gadgets,
          uniq_menkaure, uniq_blork_the_orc
D:6:      layout_rooms, nicolae_elyvilon_temple_path,
          minmay_temple_entry_enclosed_plants, uniq_sigmund, uniq_prince_ribbit1
D:7:      layout_loops_ring, mainiacjoe_overflow_catwalk, uniq_maggie,
          uniq_duvessa, uniq_joseph
D:8:      layout_cave_pools, nicolae_ru_awakened_eye, kennysheep_mini_moat,
          nicolae_zen_rock_garden, kennysheep_generic_room_9
D:9:      layout_long_grid, grunt_ashenzari_visionary
          [grunt_ashenzari_visionary_shoals, grunt_ashenzari_visionary_spider],
          dancing_weapons_uskayaw, minmay_overflow_temple_hex, uniq_erica
D:10:     layout_roguey, trog_book
Temple:   nicolae_temple_superstar

Skill      XL: |  1  2  3  4  5  6  7  8  9 10 |
---------------+-------------------------------+-----
Throwing       | 2 3 4 5 6 |  6.1
Axes           | 3 4 5 6 7 8 |  8.6
Dodging        | 3 4 5 6 |  6.2
Maces & Flails | 1 2 3 4 5 |  5.5
Spellcasting   | 1 2 3 4 5 |  5.3
Fighting       | 3 4 5 6 |  6.5

Action                     |  1- 3 |  4- 6 |  7- 9 | 10-12 || total
---------------------------+-------+-------+-------+-------++-------
  Melee: War axe           |    84 |   166 |   248 |   192 ||   690
         Punch             |     1 |     1 |     3 |     3 ||     8
         Tailslap          |     6 |    28 |    30 |    39 ||   103
         Headbutt          |       |    14 |    53 |    49 ||   116
         Kick              |       |       |    66 |    23 ||    89
         Hand axe          |       |       |       |    10 ||    10
  Throw: Dart              |     2 |     2 |    15 |       ||    19
         Throwing net      |     2 |       |     1 |       ||     3
         Javelin           |     1 |     2 |       |       ||     3
         Boomerang         |       |       |       |     2 ||     2
  Evoke: Wand              |       |       |     3 |       ||     3
    Use: Scroll            |     2 |     4 |     6 |     3 ||    15
         Potion            |     2 |     3 |     7 |     4 ||    16
   Stab: Sleeping          |     2 |     2 |       |       ||     4
         Distracted        |       |       |     1 |     1 ||     2
 Armour: Leather armour    |    25 |    31 |       |       ||    56
         Troll leather arm |       |    34 |    13 |       ||    47
         Quicksilver drago |       |       |    65 |    65 ||   130
  Dodge: Dodged            |    42 |   141 |   159 |    91 ||   433
